 Dungeon Crawl Stone Soup version 0.29.1-2-gbd0b4ee654 (webtiles) character file.

Game seed: 12846722662165167878

86 LordTooTall the Chopper (level 4, 0/40 HPs)
             Began as a Hill Orc Fighter on Nov 1, 2022.
             Slain by Terence
             ... wielding a +0 trident
              (2 damage)
             ... on level 2 of the Dungeon.
             The game lasted 00:26:05 (2667 turns).

LordTooTall the Chopper (Hill Orc Fighter)          Turns: 2667, Time: 00:26:05

Health: 0/40       AC: 10    Str: 20    XL:     4   Next: 50%
Magic:  4/4        EV:  7    Int:  8    God:
Gold:   11         SH:  4    Dex: 10    Spells: 3/3 levels left

rFire   . . .      SeeInvis .   a - +0 war axe
rCold   . . .      Faith    .   c - +0 buckler
rNeg    . . .      Spirit   .   k - +0 chain mail
rPois   .          Reflect  .   (no helmet)
rElec   .          Harm     .   (no cloak)
rCorr   +          Rampage  .   e - +0 pair of gloves
Will    .....                   (no boots)
Stlth   ..........              (no amulet)
HPRegen 0.13/turn               i - ring of resist corrosion
MPRegen 0.09/turn               (no ring)

@: no status effects
A: no striking features
a: no special abilities


You were on level 2 of the Dungeon.
You visited 1 branch of the dungeon, and saw 2 of its levels.

You collected 110 gold pieces.
You spent 99 gold pieces at shops.

Inventory:

Hand Weapons
 a - a +0 war axe (weapon)
Armour
 c - a +0 buckler (worn)
 e - a +0 pair of gloves (worn)
 k - a +0 chain mail (worn)
Jewellery
 i - a ring of resist corrosion (left hand)
Scrolls
 b - 3 scrolls of identify
 f - a scroll of fear
 g - 3 scrolls of poison {unknown}
 m - a scroll of teleportation {unknown}
 o - a scroll of enchant armour {unknown}
Potions
 d - a potion of might
 h - a potion of berserk rage {unknown}
 j - a potion of curing {unknown}
 l - 2 potions of magic {unknown}
 n - a potion of lignification {unknown}


   Skills:
 - Level 3.9 Fighting
 + Level 5.0 Axes
 - Level 3.7 Armour
 - Level 0.2 Dodging
 - Level 3.6 Shields


You had 3 spell levels left.
You didn't know any spells.
Your spell library contained the following spells:

 Spells                   Type           Power      Damage    Failure   Level
 Gell's Gravitas          Tloc           0%         N/A       100%        3
 Ignite Poison            Fire/Tmut/Pois 0%         N/A       100%        3
 Lesser Beckoning         Tloc           0%         N/A       100%        3
 Mephitic Cloud           Conj/Pois/Air  0%         N/A       100%        3
 Teleport Other           Tloc           0%         N/A       100%        3
 Animate Dead             Necr           0%         N/A       100%        4
 Summon Lightning Spire   Summ/Air       0%         N/A       100%        4
 Borgnjor's Vile Clutch   Necr/Erth      0%         N/A       100%        5
 Freezing Cloud           Conj/Ice/Air   0%         6-21      100%        5
 Death Channel            Necr           0%         N/A       100%        6
 Dispersal                Tloc           0%         N/A       100%        6
 Storm Form               Tmut/Air       0%         N/A       100%        7
 Maxwell's Capacitive Co  Air            0%         ∞         100%        8


Dungeon Overview and Level Annotations

Branches:
Dungeon (2/15)

Altars:

Shops:
D:1 *

Annotations:
D:2 Terence


Message History

Terence is lightly wounded.
Terence hits you with a +0 trident!
You hit Terence but do no damage.
Terence is lightly wounded.
Terence asks, "Do you want it fast or slow?"
Terence hits you with a +0 trident.
You are too injured to fight recklessly!
You are too injured to fight recklessly!
You are too injured to fight recklessly!
You are too injured to fight recklessly!
You barely miss Terence.
Terence is lightly wounded.
Terence barely misses you.
You slash Terence!
Terence is heavily wounded.
Terence hits you but does no damage.
Terence says, "Don't bother to defend, it's pointless."
Terence hits you with a +0 trident.
* * * LOW HITPOINT WARNING * * *
You barely miss Terence.
Terence is heavily wounded.
Terence barely misses you.
You hit Terence.
Terence is severely wounded.
Terence hits you with a +0 trident.
* * * LOW HITPOINT WARNING * * *
You barely miss Terence.
Terence is severely wounded.
Terence hits you with a +0 trident.
* * * LOW HITPOINT WARNING * * *
Terence hits you with a +0 trident.
* * * LOW HITPOINT WARNING * * *
You hit Terence.
Terence is almost dead.
Terence hits you with a +0 trident.
* * * LOW HITPOINT WARNING * * *
As you read the scroll of fear, it crumbles to dust.
You assume a fearsome visage.
Terence resists with some effort.
Terence hits you with a +0 trident.
You die...

######.....# ##.##
###......##..## #..## .
#.<.######....# ##... ..
#.### ##.##.# ###. #.. #.
##..##.## ## #...#.
#..###..# # #..... ##.##
##.# #.?...#####..#####.#
#
#.......@@.........######
#...####.#)######........
# #...#######.#.....
.....>.........†...
###.#.#######..#.###
#...# #......... #.###
#......... #.# #.........
##########


You could see Terence.

Vanquished Creatures
  3 adders (D:2)
  A worm (D:2)
  3 dart slugs (D:1)
  4 bats
  6 endoplasms
  A giant cockroach (D:1)
  4 goblins
  2 hobgoblins (D:1)
  5 jackals
  5 kobolds (D:1)
  A quokka (D:1)
  7 ball pythons
  3 frilled lizards (D:1)
  4 rats (D:1)
49 creatures vanquished.

Vanquished Creatures (others)
  3 plants (D:1)
3 creatures vanquished.

Grand Total: 52 creatures vanquished

Notes
Turn   | Place    | Note
-------+----------+-------------------------------------------
     0 | D:1      | LordTooTall the Hill Orc Fighter began the quest for the
                  | Orb.
     0 | D:1      | Reached XP level 1. HP: 19/19 MP: 1/1
   116 | D:1      | Found a faded altar of an unknown god.
   309 | D:1      | Reached XP level 2. HP: 25/27 MP: 2/2
   589 | D:1      | Reached skill level 3 in Axes
   813 | D:1      | Reached XP level 3. HP: 33/33 MP: 3/3
   854 | D:1      | Found Huaskifi's Assorted Antiques.
  1823 | D:1      | Bought a chain mail for 99 gold pieces
  1916 | D:2      | Noticed Terence
  2048 | D:2      | Reached skill level 4 in Axes
  2061 | D:2      | Reached XP level 4. HP: 18/40 MP: 4/4
  2648 | D:2      | Reached skill level 5 in Axes
  2666 | D:2      | HP: 2/40 [Terence/+0 trident (2)]
  2667 | D:2      | Slain by Terence

Illustrated notes

Levels and vault maps discovered:
D:1:      dpeg_arrival_stone_temple_mockup, layout_rooms,
          hellmonk_ecumenical_altar_arch_garden, serial_co_window_serial,
          co_window_paths_a, co_window_paths_b, co_window_paths_a,
          co_window_corner_a, co_window_paths_b, co_window_paths_b,
          co_window_of_opportunity_a, co_window_of_opportunity_b,
          co_window_corner_b, co_window_broadway_b, co_window_broadway_a,
          co_window_unsneaky_path_a, co_window_corner_ca, co_window_paths_d,
          glass_columns_a, serial_shops, nicolae_shop_overgrown_old_shop,
          serial_bayou_pond_e
D:2:      layout_rooms, nicolae_concentric_dashed_squares_wild,
          minmay_snake_closets, uniq_terence

Skill      XL: |  1  2  3  4 |
---------------+-------------+-----
Axes           | 3 4 5 |  5.0
Fighting       | |  3.9
Armour         | |  3.7
Dodging        | |  0.2
Shields        | |  3.6

Action                   |  1- 3 |  4- 6 || total
-------------------------+-------+-------++-------
Melee: War axe           |   116 |    56 ||   172
  Use: Scroll            |     1 |     1 ||     2
Armor: Scale mail        |    48 |       ||    48
       Chain mail        |     9 |    39 ||    48
Dodge: Dodged            |    51 |    14 ||    65
Block: Buckler           |    18 |    12 ||    30
